Match 46299944
Unlisted

Match 46299944
End
Construct Section Command Post
Dingo Light Scout Car
Dingo Light Scout Car
Infantry Section
Infantry Section
Selects Air and Sea Battlegroup
Selects Supply Surplus
Selects UNKNOWN (223837)
Construct Field Infirmary
Construct Resource Cache
Construct Platoon Command Post
ML 3-inch Mortar Team
Vickers Machine Gun Team
Construct Platoon Command Post
Forward Retreat Point
Humber Armored Car
Selects Commando Section Paradrop
Infantry Section
Construct Company Command Post
Selects Commando Support Section Paradrop
Construct Field Infirmary
Commando Section Paradrop
Selects Naval Bombardment
Crusader II Medium Tank
Crusader II Medium Tank
Construct Field Infirmary
Naval Bombardment
Commando Section Paradrop
Construct Field Infirmary
Unlock Towed 17-pounder Anti-tank Guns
17-pounder Anti-tank Gun Team
17-pounder Anti-tank Gun Team
Selects Anti-tank Rocket Loiter
Anti-tank Rocket Loiter
Vickers Machine Gun Team
Construct Field Infirmary
Royal Engineer Section
Construct Resource Cache
Anti-tank Rocket Loiter
Royal Engineer Section
Team Weapon Training
Construct Resource Cache
Construct Resource Cache
Machinta
OriGummy
BulletKin
SirLatunka
LeonSM
Pioneer Combine
UtataNation 🛌🌟🐉
VskrivatelEby4ek
0
0

Comments sign in to comment!

No comments posted yet!